 Dungeon Crawl Stone Soup version 0.27-a0-1202-ge72e49191c (webtiles) character file.

Game seed: 7589047204331418156

9745 miscthings the Thaumaturge (level 11, -6/76 HPs)
             Began as a Djinni Conjurer on June 5, 2021.
             Was a Priest of Makhleb.
             Mangled by a shadow (25 damage)
             ... on level 10 of the Dungeon.
             The game lasted 00:17:23 (10295 turns).

miscthings the Thaumaturge (Djinni Conjurer)       Turns: 10295, Time: 00:17:24

Health: -6/76      AC: 10    Str:  6    XL:     11   Next: 80%
Gold:   384        EV: 19    Int: 28    God:    Makhleb [***...] SH:  5 Dex: 13

rFire    + + .     SeeInvis .   A - +2 demon blade (elec)
rCold    x . .     Faith    +   B - +0 buckler
rNeg     . . .     Spirit   .   m - +1 robe {Will+}
rPois    ∞         Reflect  .   n - +1 hat
rElec    .         Harm     .   G - +2 cloak {Will+}
rCorr    .         Rampage  .   D - +2 pair of gloves {archery}
Will     +++..                  (boots unavailable)
Stlth    ++........             g - amulet of faith
HPRegen  0.22/turn              j - +6 ring of intelligence
MPRegen  0.00/turn              F - +4 ring of evasion

@: flying
A: sickness immunity, fire resistance 2, cold vulnerability 1, float, innate
caster, hp casting, extra vitality 1
a: Renounce Religion, Minor Destruction, Lesser Servant of Makhleb


You were on level 10 of the Dungeon.
You worshipped Makhleb.
Makhleb was most pleased with you.
You visited 2 branches of the dungeon, and saw 11 of its levels.

You collected 513 gold pieces.
You spent 129 gold pieces at shops.

Inventory:

Hand Weapons
 A - a +2 demon blade of electrocution (weapon)
Missiles
 J - a throwing net
Armour
 m - a +1 robe of willpower (worn)
 n - a +1 hat (worn)
 B - a +0 buckler (worn)
 D - a +2 pair of gloves of archery (worn)
 E - +0 swamp dragon scales
 G - a +2 cloak of willpower (worn)
 N - the -8 buckler of the Vacuum {rElec Int+6 Dex+2}
   (You found it on level 8 of the Dungeon)

   It affects your intelligence (+6).
   It affects your dexterity (+2).
   It insulates you from electricity.
Jewellery
 g - an amulet of faith (around neck)
 j - a +6 ring of intelligence (left hand)
 z - a ring of protection from fire
 C - a ring of positive energy
 F - a +4 ring of evasion (right hand)
Wands
 u - a wand of mindburst (39)
 v - a wand of acid (17)
 I - a wand of polymorph (5)
 K - a wand of digging (5)
 O - a wand of flame (18)
Scrolls
 a - a scroll of fog
 c - a scroll of vulnerability
 d - 2 scrolls of silence {unknown}
 e - 8 scrolls of teleportation
 h - 2 scrolls of immolation
 i - a scroll of enchant weapon {unknown}
 k - 4 scrolls of blinking
 q - a scroll of fear
 r - a scroll of brand weapon {unknown}
 w - a scroll of summoning {unknown}
 y - a scroll of magic mapping {unknown}
 L - 2 scrolls of amnesia {unknown}
 P - a scroll of enchant armour {unknown}
 Q - a scroll of identify {@r1}
Potions
 b - 2 potions of curing
 f - a potion of invisibility
 l - a potion of cancellation
 o - a potion of mutation
 p - a potion of haste
 s - 2 potions of attraction
 t - 2 potions of degeneration {unknown}
 x - a potion of lignification
 H - a potion of brilliance {unknown}
 M - 2 potions of might
Miscellaneous
 R - a piece from Xom's chessboard (14/15)


   Skills:
 + Level 5.9 Fighting
 + Level 7.0 Dodging
 - Level 1.5 Stealth
 - Level 4.0 Shields
 * Level 11.0 Spellcasting
 + Level 5.9 Evocations


You had 5 spell levels left.
You knew the following spells:

 Your Spells              Type           Power      Damage    Failure   Level
a - Searing Ray           Conj           100%       3d7       1%          2
b - Magic Dart            Conj           100%       1d8       1%          1
c - Dazzling Flash        Conj/Hex       100%       N/A       1%          3
d - Fulminant Prism       Conj/Hex       33%        3d16      1%          4
e - Iskenderun's Mystic   Conj/Tloc      67%        2d14      1%          4
f - Corona                Hex            74%        N/A       1%          1
g - Ensorcelled Hibernat  Hex/Ice        100%       N/A       1%          2
h - Slow                  Hex            67%        N/A       1%          2
i - Vampiric Draining     Necr           33%        2d10      1%          3
j - Lee's Rapid Deconstr  Erth           33%        3d18*     1%          5
Your spell library was empty.

Dungeon Overview and Level Annotations

Branches:
Dungeon (10/15)            Temple (1/1) D:7             Orc (0/2) D:9
   Lair: D:8-11

Altars:
Ashenzari
Cheibriados
Dithmenos
Elyvilon
Fedhas
Gozag
Hepliaklqana
Kikubaaqudgha
Makhleb
Nemelex Xobeh
Okawaru
Qazlal
Ru
Sif Muna
Trog
Uskayaw
Vehumet
Wu Jian
Xom
Yredelemnul
Zin
The Shining One

Shops:
D:3 *   D:6 =   D:7 *   D:9 *   D:10 =

Annotations:
D:10 3 runed translucent doors, pablusdiablus's ghost, journeyman HOFi


Innate Abilities, Weirdness & Mutations

You are immune to sickness and miasma.
You are immune to poison.
Your flesh is very heat resistant. (rF++)
You are vulnerable to cold. (rC-)
You float through the air rather than walking.
You learn spells naturally, not from books.
Your magical power is your life essence.
You have superior vitality. (+4 HP)


Message History

Casting: Iskenderun's Mystic Blast (safe; 1% risk of failure)
Confirm with . or Enter, or press ? or * to list all spells.
Aiming: Searing Ray (safe; 1% risk of failure)
Press: ? - help, Shift-Dir - straight line, f - centaur
Aim: a centaur, wielding a +0 shortbow, wearing a +0 robe, quivering arrows and carrying a wand of iceblast (10) (90% to hit)
The searing ray hits the centaur.
The centaur is moderately wounded. (Press . to maintain the ray.)
The centaur zaps a wand.
The mass of ice explodes!
The iceblast engulfs you!
You feel a painful chill!
Aiming: Mindburst
Press: ? - help, Shift-Dir - straight line, f/p - centaur
Aim: a centaur, wielding a +0 shortbow, wearing a +0 robe, quivering arrows and carrying a wand of iceblast (9) (lightly wounded, chance to affect: 84%)
Okay, then.
Aiming: Corrosive Bolt
Press: ? - help, Shift-Dir - straight line, f - yak, p - centaur
Aim: a yak (84% to hit)
The bolt of acid hits the centaur!
The centaur is splashed with acid.
The acid corrodes the centaur!
The centaur is almost dead.
The bolt of acid hits the yak!!
The yak is splashed with acid.
The yak is severely wounded.
The centaur zaps a wand.
The mass of ice explodes!
The iceblast engulfs you!!
You feel a painful chill!
* * * LOW HITPOINT WARNING * * *
Aiming: Corrosive Bolt
Press: ? - help, Shift-Dir - straight line, f/p - yak
Aim: a yak (severely wounded, 84% to hit)
The bolt of acid hits the centaur!
The centaur is splashed with acid.
The centaur seems to be corroded for longer.
You kill the centaur!
Makhleb accepts your kill.
The bolt of acid hits the yak!
The yak is splashed with acid.
The acid corrodes the yak!
You kill the yak!
Makhleb accepts your kill.
You feel better.
An ogre comes into view. It is wielding a +0 giant club.
The shadow strikes at you from the darkness!
You die...

#⌠.⌠ .. ._. .. ⌠.⌠###.
#.##.. #.##.# ≈ .
#.##.###
≈...###......###
≈...)Ol....@...##
≈.†.#...#...#<....... #
≈ #..........#####.# .#
##..#.#..#.# #.#####..
#.......#.# #.##.<...
#.........# #.......#
####
######..[######.##.##..
######..#
#...#........(..##
.##.....#
#..8#.####..#####J


You could see a komodo dragon and an ogre.

Vanquished Creatures
  Josephine (D:10)
  An ogre mage (D:10)
  A two-headed ogre (D:10)
  Maurice (D:8)
  Maggie (D:8)
  A komodo dragon (D:10)
  A troll (D:9)
  A hornet (D:7)
  Prince Ribbit (D:6)
  3 shadows
  4 wraiths (D:10)
  A wyvern (D:8)
  7 yaks
  3 two-headed ogre zombies (D:9)
  An acid dragon (D:10)
  An orc warrior (D:10)
  2 sky beasts (D:7)
  A hornet zombie (D:7)
  An ice beast (D:5)
  3 black bears
  6 centaurs
  2 phantoms
  A kobold brigand (D:8)
  3 bullfrogs
  A gnoll sergeant (D:9)
  A water moccasin zombie (D:6)
  3 scorpions
  A water moccasin skeleton (D:5)
  8 wights
  3 howler monkeys (D:9)
  3 hounds
  2 jellies
  2 bullfrog skeletons (D:5)
  A centaur zombie (D:9)
  A bullfrog zombie (D:5)
  A gnoll shaman (D:7)
  4 orc priests
  Jessica (D:2)
  Ijyb (D:4)
  Natasha (twice) (D:3)
  3 iguanas
  7 orc wizards
  5 ogre zombies (D:9)
  A hound zombie (D:5)
  A hound skeleton (D:4)
  A howler monkey zombie (D:8)
  5 adders
  18 gnolls
  A shadow imp (D:7)
  2 worms
  A dart slug (D:1)
  18 orcs
  3 ball pythons
  4 endoplasms
  4 giant cockroaches
  5 goblins
  8 hobgoblins
  17 kobolds
  6 quokkas
  8 bats
  A frilled lizard (D:2)
  A goblin zombie (D:9)
  A hobgoblin zombie (D:9)
  3 orc skeletons (D:9)
  20 orc zombies (D:9)
  7 rats
  2 fulminant prisms (D:8)
236 creatures vanquished.

Vanquished Creatures (others)
  37 fulminant prisms
  3 plants (D:7)
40 creatures vanquished.

Grand Total: 276 creatures vanquished

Notes
Turn   | Place    | Note
-------+----------+-------------------------------------------
     0 | D:1      | miscthings the Djinni Conjurer began the quest for the Orb.
     0 | D:1      | Reached XP level 1. HP: 15/15 MP: 0/0
    48 | D:1      | Reached XP level 2. HP: 7/21 MP: 0/0
   688 | D:1      | Reached XP level 3. HP: 17/25 MP: 0/0
   688 | D:1      | Learned a level 1 spell: Corona
   790 | D:1      | Reached skill level 4 in Spellcasting
  1407 | D:2      | Reached XP level 4. HP: 15/31 MP: 0/0
  1598 | D:2      | Noticed Jessica
  1601 | D:2      | Killed Jessica
  1766 | D:2      | Found a faded altar of an unknown god.
  2094 | D:3      | Found a shimmering altar of Xom.
  2212 | D:3      | Found an opulent altar of Gozag.
  2258 | D:3      | Found a broken altar of Ashenzari.
  2287 | D:3      | Noticed Natasha
  2289 | D:3      | Killed Natasha
  2290 | D:3      | Reached XP level 5. HP: 30/35 MP: 0/0
  2290 | D:3      | Learned a level 2 spell: Ensorcelled Hibernation
  2314 | D:3      | Found Emiugh's Assorted Antiques.
  2321 | D:3      | Bought a scroll labelled DET NOVVUFF for 26 gold pieces
  2321 | D:3      | Bought a scroll labelled DET NOVVUFF for 26 gold pieces
  2321 | D:3      | Bought a scroll labelled DET NOVVUFF for 26 gold pieces
  2321 | D:3      | Bought a murky silvery potion for 23 gold pieces
  2484 | D:3      | Noticed Natasha
  2488 | D:3      | Killed Natasha
  2489 | D:3      | Reached skill level 5 in Spellcasting
  2926 | D:4      | Reached XP level 6. HP: 34/40 MP: 0/0
  3113 | D:4      | You are sucked into a shaft and drop 2 floors!
  3424 | D:5      | Entered Level 5 of the Dungeon
  3438 | D:5      | Noticed a shadow
  3442 | D:5      | Killed a shadow
  3443 | D:5      | Reached skill level 6 in Spellcasting
  3443 | D:5      | Reached XP level 7. HP: 39/45 MP: 0/0
  3443 | D:5      | Learned a level 2 spell: Slow
  3633 | D:5      | Reached skill level 7 in Spellcasting
  3728 | D:5      | Reached XP level 8. HP: 47/50 MP: 0/0
  3728 | D:5      | Found a blossoming altar of Fedhas.
  4267 | D:5      | Found a shadowy altar of Dithmenos.
  4378 | D:4      | Reached skill level 8 in Spellcasting
  5475 | D:4      | Noticed Ijyb
  5482 | D:4      | Killed Ijyb
  5686 | D:5      | Reached XP level 9. HP: 43/55 MP: 0/0
  5686 | D:5      | Learned a level 3 spell: Vampiric Draining
  5706 | D:5      | Found an iron altar of Okawaru.
  5711 | D:5      | Found a hazy altar of Hepliaklqana.
  6326 | D:6      | Noticed Prince Ribbit
  6330 | D:6      | Killed Prince Ribbit
  6331 | D:6      | Reached skill level 1 in Fighting
  6331 | D:6      | Reached skill level 1 in Shields
  6331 | D:6      | Reached skill level 9 in Spellcasting
  6331 | D:6      | Reached skill level 1 in Evocations
  6380 | D:6      | Found Onipn's Jewellery Shoppe.
  6540 | D:7      | Found an ornate altar of the Wu Jian Council.
  6869 | D:7      | Found a hide-covered altar of Uskayaw.
  7029 | D:7      | Found a staircase to the Ecumenical Temple.
  7044 | Temple   | Entered the Ecumenical Temple
  7106 | Temple   | Became a worshipper of Makhleb the Destroyer
  7553 | D:7      | Noticed a hornet
  7558 | D:7      | Killed a hornet
  7559 | D:7      | Reached XP level 10. HP: 55/65 MP: 0/0
  7603 | D:7      | Found Samuc's General Store.
  7729 | D:7      | Bought a scroll of identify for 28 gold pieces
  7771 | D:8      | Noticed Maggie
  7782 | D:8      | Killed Maggie
  7855 | D:8      | Noticed Maurice
  7925 | D:8      | Killed Maurice
  8010 | D:8      | You are sucked into a shaft and drop 2 floors!
  8010 | D:10     | Entered Level 10 of the Dungeon
  8010 | D:10     | Noticed Josephine
  8017 | D:10     | Killed Josephine
  8018 | D:10     | Reached skill level 5 in Dodging
  8018 | D:10     | Reached skill level 10 in Spellcasting
  8026 | D:10     | Noticed a two-headed ogre
  8032 | D:10     | Killed a two-headed ogre
  8033 | D:10     | Reached XP level 11. HP: 19/74 MP: 0/0
  8033 | D:10     | Learned a level 5 spell: Lee's Rapid Deconstruction
  8285 | D:10     | Found Bigaur's Jewellery Shoppe.
  8314 | D:10     | Found a runed translucent gate.
  8315 | D:10     | Found a runed translucent gate.
  8316 | D:10     | Found a runed translucent gate.
  8318 | D:10     | Noticed pablusdiablus's ghost (journeyman HOFi)
  8381 | D:9      | Found Rovuceg's Island Escapes.
  8385 | D:9      | Reached * piety under Makhleb
  8433 | D:9      | Reached skill level 5 in Fighting
  8433 | D:9      | Reached skill level 5 in Evocations
  8726 | D:8      | Identified the -8 buckler of the Vacuum {rElec Int+6 Dex+2}
  9331 | D:9      | Reached ** piety under Makhleb
  9665 | D:9      | Found a staircase to the Orcish Mines.
  9811 | D:9      | Reached *** piety under Makhleb
 10278 | D:10     | Found a sparkling altar of Nemelex Xobeh.
 10281 | D:10     | Noticed an ogre mage
 10288 | D:10     | Killed an ogre mage
 10289 | D:10     | Reached skill level 11 in Spellcasting
 10295 | D:10     | Mangled by a shadow

Illustrated notes

Levels and vault maps discovered:
D:1:      erik_arrival_triangle_large, layout_basic
D:2:      layout_basic, hellmonk_ecumenical_altar_lost_god, uniq_jessica
D:3:      layout_basic, nicolae_overflow_hidden_temple, ashenzari_altar_1,
          lemuel_round_altar, serial_shops, shop, hex_large,
          serial_bayou_crossing, uniq_natasha
D:4:      layout_layer_cave, minmay_misc_feat_ornament, uniq_ijyb
D:5:      layout_basic, fedhas_altar_2, minmay_overflow_temple_star_quad,
          vehumet_crystals, old_standard_altar, serial_corexii_hall,
          corexii_hall_statues_i, corexii_hall_statues_l, grunt_ministairs_11,
          kennysheep_generic_room_13
D:6:      layout_rooms, serial_shops, nicolae_shop_statue_plus, chequers_garden,
          uniq_prince_ribbit1
D:7:      layout_basic, nzn_wu_jian_contemplation,
          nicolae_uskayaw_murder_on_the_dancefloor,
          minmay_temple_entry_overgrown, serial_shops, shop
D:8:      layout_basic, uniq_maggie, uniq_maurice
D:9:      layout_gridville, zombieorc2_lemuel, nicolae_island_escapes
D:10:     layout_loops_cross, nemelex_xobeh_ov_fountains_minmay,
          gammafunk_ghost_ooze, serial_shops, shop_statue, grunt_potential,
          uniq_josephine, uniq_fannar
Temple:   zaba_magenta_temple

Skill      XL: |  1  2  3  4  5  6  7  8  9 10 11 |
---------------+----------------------------------+-----
Spellcasting   | 4 5 6 7 8 9 10 11 | 11.0
Fighting       | 2 4 5 |  5.9
Shields        | 3 4 |  4.0
Evocations     | 2 4 5 |  5.9
Dodging        | 3 5 7 |  7.0
Stealth        | |  1.5

Action                   |  1- 3 |  4- 6 |  7- 9 | 10-12 || total
-------------------------+-------+-------+-------+-------++-------
Melee: Unarmed           |     2 |       |       |       ||     2
 Cast: Magic Dart        |    24 |       |       |       ||    24
       Searing Ray       |    19 |    36 |    40 |    54 ||   149
       Fulminant Prism   |       |     2 |    11 |    26 ||    39
       Iskenderun's Myst |       |       |     8 |    26 ||    34
       Dazzling Flash    |       |       |       |     1 ||     1
Evoke: Wand              |       |       |       |     6 ||     6
       Piece from Xom's  |       |       |       |     1 ||     1
  Use: Scroll            |       |     6 |     5 |     2 ||    13
Armor: Robe              |     3 |     2 |     4 |     3 ||    12
Dodge: Dodged            |    11 |     4 |    19 |    15 ||    49
Block: Buckler           |       |       |       |     4 ||     4
       Rpst.: Demon blade |       |       |     2 |     5 ||     7

Table legend: (Time is in decaauts)
 A = Elapsed time spent in this place.
 B = Non-inter-level travel time spent in this place.
 C = Inter-level travel time spent in this place.
 D = Time resting spent in this place.
 E = Time spent auto-exploring this place.
 F = Levels seen in this place.
 G = Mean time per level.
                   A        B        C        D        E       F      G
               +--------+--------+--------+--------+--------+-----+--------+
         Total |  10294 |   9668 |    626 |   2408 |   5924 |  11 |  935.8 |
       Dungeon |  10214 |   9605 |    609 |   2408 |   5872 |  10 | 1021.4 |
        Temple |     79 |     62 |     17 |      0 |     52 |   1 |   79.0 |
               +--------+--------+--------+--------+--------+-----+--------+

Top non-repeatable levels by time:
     D:4: 1506 daAuts
     D:5: 1303 daAuts
     D:7: 1292 daAuts
     D:9: 1080 daAuts
     D:1: 1051 daAuts
     D:2: 1030 daAuts
     D:8: 848 daAuts
     D:6: 837 daAuts
     D:3: 769 daAuts
    D:10: 495 daAuts
  Temple: 79 daAuts
